 Dungeon Crawl Stone Soup version 0.19-a0-49-gb8736b8 (webtiles) character file.

73 ololoev the Covered (level 4, -1/40 HPs)
             Began as a Minotaur Fighter on May 6, 2016.
             Shot with an arrow by a centaur (11 damage)
             ... on level 5 of the Dungeon.
             The game lasted 00:02:26 (1470 turns).

ololoev the Covered (Minotaur Fighter)              Turns: 1470, Time: 00:02:27

Health: -1/40      AC:  7    Str: 21    XL:     4   Next: 8%
Magic:  3/3        EV:  9    Int:  5    God:
Gold:   78         SH:  0    Dex: 10    Spells: 0 memorised, 3 levels left

rFire  . . .     SeeInvis .     a - +0 long sword
rCold  . . .     Gourm    .     b - +0 scale mail
rNeg   . . .     Faith    .     (no shield)
rPois  .         Spirit   .     (helmet restricted)
rElec  .         Dismiss  .     (no cloak)
rCorr  .         Reflect  .     (no gloves)
SustAt .         Harm     .     (no boots)
MR     .....                    e - amulet of regeneration
Stlth  ..........               (no ring)
                                (no ring)

@: not resistant to hostile enchantments, extremely unstealthy
A: retaliatory headbutt, horns 2
a: no special abilities


Innate Abilities, Weirdness & Mutations

You reflexively headbutt those who attack you in melee.
You have a pair of horns on your head.

Inventory:

Hand Weapons
 a - a +0 long sword (weapon)
Armour
 b - a +0 scale mail (worn)
Jewellery
 e - an amulet of regeneration (around neck)
 j - a +3 ring of strength {unknown}
 m - a cursed ring of loudness {unknown}
Scrolls
 g - 2 scrolls of identify {unknown}
 i - a scroll of enchant armour {unknown}
 k - a scroll of teleportation {unknown}
 l - a scroll of immolation {unknown}
Potions
 d - a potion of might
 h - 2 potions of curing {unknown}
Comestibles
 c - 2 beef jerkies
 f - 2 bread rations


   Skills:
 + Level 4.2 Fighting
 * Level 4.1 Long Blades
 + Level 4.3 Armour
   Level 3.6 Shields


You had 3 spell levels left.
You didn't know any spells.


You were on level 5 of the Dungeon.
You were not hungry.

You visited 1 branch of the dungeon, and saw 4 of its levels.

You collected 78 gold pieces.

...........#
#..........#
#..........
.....>.... #
#........
.##. #.#....#
.....#.+....#
.....o.#.)W)#
(..o...@.o..#
.......#.o..#
.......#...(#
c..o...#....#
._S.o.>#....#
....#########
.... ...

Notes
Turn   | Place    | Note
--------------------------------------------------------------
     0 | D:1      | ololoev the Minotaur Fighter began the quest for the Orb.
     0 | D:1      | Reached XP level 1. HP: 19/19 MP: 0/0
   324 | D:1      | Reached XP level 2. HP: 27/27 MP: 1/1
   811 | D:1      | Reached XP level 3. HP: 31/33 MP: 2/2
  1145 | D:2      | Found a burning altar of Makhleb.
  1253 | D:2      | Noticed Sigmund
  1407 | D:3      | Reached XP level 4. HP: 40/40 MP: 3/3
  1452 | D:3      | You fall through a shaft for 2 floors!
  1452 | D:5      | Entered Level 5 of the Dungeon
  1455 | D:5      | Noticed a phantom
  1470 | D:5      | Found a bloodstained altar of Trog.
  1470 | D:5      | Noticed a centaur
  1470 | D:5      | Shot with an arrow by a centaur

Dungeon Overview and Level Annotations

Branches:
Dungeon (3/15)

Altars:
Makhleb
Trog

Annotations:
D:2 Sigmund


Message History

As you open the door, it creaks loudly!
Found a stone staircase leading down.
There is an open door here.
You fall through a shaft for 2 floors!
The shaft crumbles and collapses. 3 orcs come into view.
The orc shouts! x3
Found 18 sling bullets.
Found an escape hatch in the floor.
An orc and an orc wizard come into view.
The orc wizard shouts!
The orc shouts!
The orc hits you but does no damage.
A phantom comes into view.
You hit the orc. You headbutt the orc, but do no damage.
The orc is lightly wounded.
The orc closely misses you. The orc hits you but does no damage.
The orc closely misses you.
You hit the orc.
The orc is heavily wounded.
The orc completely misses you.
The orc wizard casts a spell.
The orc wizard flickers and vanishes!
Deactivating autopickup; reactivate with Ctrl-A.
You slash the orc!
You kill the orc!
The orc hits you but does no damage.
You hit the orc but do no damage. The orc hits you with a dagger.
The orc barely misses you. The orc hits you but does no damage.
The orc barely misses you.
You hit the orc.
The orc is severely wounded.
The orc barely misses you. Something hits you but does no damage.
The orc hits you but does no damage. x2
You hit the orc but do no damage.
The orc is severely wounded.
The orc closely misses you.
You hear some strange, mumbled words.
A magic dart appears from out of thin air!
The magic dart hits you! The orc hits you with a whip.
Something hits you but does no damage.
You barely miss the orc. You headbutt the orc.
You kill the orc!
The orc completely misses you. The phantom hits you.
The phantom blinks!
Something hits you but does no damage. The orc hits you but does no damage.
Unknown command.
You barely miss the orc. You headbutt the orc.
The orc is heavily wounded.
The orc hits you with a dagger. Something hits you but does no damage.
The orc barely misses you.
You closely miss the orc.
The orc is heavily wounded.
The orc barely misses you. The phantom completely misses you.
You furiously retaliate!
You headbutt the phantom, but do no damage.
Something hits you but does no damage. The orc hits you but does no damage. x2
You barely miss the orc.
The orc is heavily wounded.
The phantom hits you.
You hear some strange, mumbled words.
A puff of flame appears from out of thin air!
The puff of flame hits you! The orc hits you but does no damage. x2
The phantom blinks!
You barely miss the orc.
The orc is heavily wounded.
Something hits you but does no damage. The orc barely misses you.
The orc hits you but does no damage. Something hits you but does no damage.
You hit the orc.
The orc is almost dead.
The orc hits you but does no damage. The orc hits you with a dagger.
Something hits you. The orc closely misses you.
You hear some strange, mumbled words.
A puff of flame appears from out of thin air!
The puff of flame hits you!
You open the door. 2 orcs come into view.
The orc shouts! x2
The orc hits you but does no damage. x2
An adder, 2 orcs and a centaur come into view.
The orc shouts! x2; The centaur shouts!
The centaur wields a shortbow.
The centaur shoots an arrow.
The arrow hits you!
You die...

You could see a phantom, a centaur, an adder and 6 orcs.

Vanquished Creatures
  2 adders (D:2)
  2 oozes (D:1)
  A worm (D:2)
  A dart slug (D:1)
  2 giant geckos (D:1)
  2 orcs (D:5)
  A giant cockroach (D:3)
  9 hobgoblins
  2 bats
  6 goblins
  3 kobolds (D:1)
  5 rats
36 creatures vanquished.

Action                   |  1- 3 |  4- 6 || total
-------------------------+-------+-------++-------
Melee: Long sword        |    96 |    13 ||   109
       Headbutt          |    12 |     3 ||    15
  Eat: Chunk             |     2 |       ||     2
Armor: Scale mail        |    40 |    19 ||    59
Dodge: Dodged            |    43 |    14 ||    57

Vault maps used:
D:1:      eino_arrival_tree_alley, serial_bayou_lake_a
D:2:      grunt_temple_overflow_order_and_chaos_2, uniq_crazy_yiuf_cottage,
          uniq_sigmund
D:5:      grunt_temple_overflow_open, first_bread, uniq_duvessa
